AoeStats
← Danger

Arabia

510026992Analyzed
1v1 RM · 3d ago on Sep 29, 2026· 48m 54s· 2 players
Game mode
Random Map
Map size
Tiny (2 player)
Population
200
Speed
Normal
Resources
Standard
Victory
Conquest
Starting age
Dark Age
Ending age
Imperial Age
RankedLock teamsTeams togetherTeam positionsShared explorationLock speedFull tech treeHidden civsTurbo modeCheats
Victory
Defeat
🇲🇽 Inca · Mexico
1102
+16
🇲🇦 Chinese · Morocco
1098
-16
KiNtO
0:28 Loom
9:54 Feudal Age
12:16 Forging
15:46 Bloodlines
16:24 Horse Collar
18:23 Double-Bit Axe
19:58 Scale Barding Armor
25:11 Castle Age
23:07 Fletching
23:57 Gold Mining
24:52 Padded Archer Armor
26:38 Bow Saw
28:46 Bodkin Arrow
29:22 Husbandry
33:00 Iron Casting
34:35 Chain Barding Armor
43:05 Leather Archer Armor
Danger
6:52 Loom
9:18 Feudal Age
9:40 Champi Runner
12:29 Forging
15:36 Horse Collar
15:44 Double-Bit Axe
16:18 Scale Mail Armor
19:13 Arson
20:23 Wheelbarrow
27:19 Castle Age
26:47 Horse Collar
26:59 Gold Mining
28:22 Chain Mail Armor
29:03 Squires
28:37 Champi Warrior
31:59 Heavy Plow
32:18 Bow Saw
34:59 Iron Casting
39:45 Fletching
47:09 Gold Shaft Mining
Connection lost

Rejoining the realm…

Still unreachable

The connection could not be restored.

Session expired

The server has moved on; the page needs a fresh start.